 Dungeon Crawl Stone Soup version 0.20-a0-269-g17f5411 (webtiles) character file.

87699 Faca the Peltast (level 16, -28/129 HPs)
             Began as a Formicid Fighter on Dec 8, 2016.
             Was the Champion of Okawaru.
             Annihilated by an enormous slime creature (34 damage)
             ... on level 3 of the Swamp.
             The game lasted 01:45:29 (20425 turns).

Faca the Peltast (Formicid Fighter)                Turns: 20425, Time: 01:45:29

Health: -28/129    AC: 36    Str: 25    XL:     16   Next: 38%
Magic:  16/16      EV: 12    Int: 15    God:    Okawaru [******]
Gold:   1158       SH: 22    Dex: 17    Spells: 15/15 levels left

rFire  + . .     SeeInvis +     K - +4 battleaxe (chop)
rCold  . . .     Gourm    .     S - +7 scale mail of Mosaodip {rF+}
rNeg   . . .     Faith    .     C - +4 shield of Articulation {*Contam MR+ Int+4 Dex+2}
rPois  +         Spirit   .     (helmet unavailable)
rElec  .         Reflect  +     w - +0 cloak
rCorr  .         Harm     .     v - +2 pair of gloves {Str+3}
MR     +++..                    B - +5 pair of boots of Incorporation {Stlth+}
Stlth  +.........               h - +3 amulet of reflection
                                E - ring of poison resistance
                                e - +3 ring of protection

@: no status effects
A: permanent stasis, dig shafts and tunnels, four strong arms, antennae 3, icy
blue scales 1, molten scales 1, slimy green scales 1, clever 1, magic resistance
1
a: Dig, Shaft Self, Heroism, Finesse, Renounce Religion


You were on level 3 of the Swamp.
You worshipped Okawaru.
Okawaru was exalted by your worship.
You were not hungry.

You visited 5 branches of the dungeon, and saw 24 of its levels.
You also visited: Sewer.

You collected 2378 gold pieces.
You spent 1220 gold pieces at shops.

Inventory:

Hand Weapons
 j - the +4 great mace of the Toadstool {speed, Stlth+}
   (You bought it in a shop on level 7 of the Dungeon)

   Attacks with this weapon are significantly faster.
   It makes you more stealthy.
 s - the +9 halberd of Somewhere Else {chop, *Corrode rC+ Dex+4}
   (You found it in a sewer)

   It inflicts extra damage upon your enemies.
   It affects your dexterity (+4).
   It protects you from cold.
   It may corrode you when you take damage.
 K - a +4 battleaxe of chopping (weapon)
Armour
 p - a +1 plate armour of positive energy
 v - a +2 pair of gloves of strength (worn)
 w - a +0 cloak (worn)
 B - the +5 pair of boots of Incorporation (worn) {Stlth+}
   (You bought it in a shop on level 2 of the Orcish Mines)

   It makes you more stealthy.
 C - the +4 shield of Articulation (worn) {*Contam MR+ Int+4 Dex+2}
   (You bought it in a shop on level 2 of the Orcish Mines)

   It affects your intelligence (+4).
   It affects your dexterity (+2).
   It affects your resistance to hostile enchantments.
   It causes magical contamination when unequipped.
 M - +1 fire dragon scales
 S - the +7 scale mail of Mosaodip (worn) {rF+}
   (Okawaru gifted it to you on level 2 of the Swamp)

   It protects you from fire.
Jewellery
 e - a +3 ring of protection (left hand)
 h - a +3 amulet of reflection (around neck)
 A - an uncursed ring of positive energy
 E - a ring of poison resistance (right hand)
 H - an uncursed ring of protection from cold
Wands
 l - a wand of disintegration (14/24)
 q - a wand of flame (18/48)
 P - a wand of lightning (5/15)
 R - a wand of random effects (24/48)
Scrolls
 a - 3 scrolls of magic mapping
 o - 5 scrolls of remove curse
 t - 5 scrolls of fog
 u - 3 scrolls of recharging
 z - 2 scrolls of enchant armour
 G - 4 scrolls of enchant weapon
 L - 6 scrolls of identify
 Q - a scroll of holy word
Potions
 c - a potion of magic
 d - a potion of resistance
 g - 2 potions of lignification
 i - 3 potions of invisibility
 n - 3 potions of curing
 r - 8 potions of flight
 x - 2 potions of agility
 I - 4 potions of cure mutation
 J - 4 potions of might
 N - 3 potions of cancellation
Miscellaneous
 y - a fan of gales
 D - a disc of storms
 O - a box of beasts
Comestibles
 f - 8 bread rations
 k - 37 fruits
 m - 11 meat rations
 F - 10 royal jellies


   Skills:
 + Level 12.8 Fighting
 + Level 12.5(15.3) Axes
 + Level 2.7(8.8) Maces & Flails
 + Level 14.5(16.2) Polearms
   Level 2.0(10.1) Staves
 + Level 9.8 Armour
 + Level 3.1 Dodging
 - Level 0.6 Stealth
 + Level 15.7 Shields


You had 15 spell levels left.
You didn't know any spells.

Dungeon Overview and Level Annotations

Branches:
Dungeon (12/15)            Temple (1/1) D:5            Lair (6/6) D:9
  Swamp (3/4) Lair:4       Spider (0/4) Lair:4        Slime (0/5) Lair:6
    Orc (2/2) D:9             Elf (0/3) Orc:2

Altars:
Ashenzari
Cheibriados
Dithmenos
Elyvilon
Fedhas
Gozag
Hepliaklqana
Kikubaaqudgha
Makhleb
Nemelex Xobeh
Okawaru
Qazlal
Ru
Sif Muna
Trog
Uskayaw
Vehumet
Xom
Yredelemnul
Zin
The Shining One
Beogh

Shops:
D:6 [   D:7 (   D:11 *   Orc:2 }[?!*}[(%


Innate Abilities, Weirdness & Mutations

You cannot be hasted, slowed, berserked, paralysed or teleported.
You can dig through walls and to a lower floor.
Your four strong arms can wield two-handed weapons with a shield.
You have a pair of large antennae on your head. (SInv)
You are partially covered in icy blue scales. (AC +2)
You are partially covered in molten scales. (AC +2)
You are partially covered in slimy green scales. (AC +2)
Your mind is acute. (Int +2)
You are resistant to hostile enchantments. (MR+)


Message History

You feel much better.
The swamp dragon moves out of view.
The tyrant leech bites you!!
* * * LOW HITPOINT WARNING * * *
The tyrant leech draws strength from your injuries!
You block the enormous slime creature's attack.
You slash the enormous slime creature!
The enormous slime creature is almost dead.
You hit the tyrant leech but do no damage.
The enormous slime creature hits you.
* * * LOW HITPOINT WARNING * * *
You block the tyrant leech's attack.
You barely miss the enormous slime creature.
The enormous slime creature is almost dead.
You miss the tyrant leech.
The enormous slime creature hits you but does no damage.
You slash the enormous slime creature!
The enormous slime creature is almost dead.
You slash the tyrant leech! You block the tyrant leech's attack.
The enormous slime creature hits you!!
You die...

...≈......≈≈..
.≈≈§....§≈≈≈≈ .
≈.≈≈≈..≈≈≈≈≈ ≈≈
≈≈≈.≈≈§≈≈≈≈ .♣≈
≈≈≈≈≈≈..≈≈ ...[
≈D≈≈≈≈≈≈≈ ...≈≈
♣§≈≈≈..≈≈
♣≈≈..≈♣wJ§≈.≈≈≈
♣....≈)@♣♣≈.≈J≈
≈≈≈≈≈≈≈♣♣ ...
..≈≈≈≈≈ ♣
♣♣..... ♣♣♣...
{ .≈≈≈ ♣..§♣
♣♣♣≈


You could see a swamp dragon, a tyrant leech and an enormous slime creature.

Vanquished Creatures
  Donald (Swamp:3)
  Snorg (D:11)
  The ghost of jejorda2 the Basher, a journeyman DrFE of Sif Muna (D:11)
  Erolcha (D:9)
  Harold (Orc:1)
  Josephine (D:12)
  7 hydras
  2 alligators
  4 death yaks (Lair:4)
  Urug (Orc:1)
  Sonja (D:12)
  The ghost of Abalos the Carver, a novice MiFi of Okawaru (D:7)
  A fire crab (Lair:5)
  A swamp dragon (Swamp:1)
  A shambling mangrove (Swamp:2)
  2 hill giants
  Pikel (D:5)
  3 oklob plants
  4 orc knights (Orc:2)
  An orc sorcerer (Orc:2)
  A cyclops (D:12)
  An ugly thing (D:10)
  2 black mambas (Lair:4)
  Joseph (Lair:1)
  24 spiny frogs
  2 rime drakes
  10 komodo dragons
  3 trolls
  3 meliai (Lair:4)
  5 hornets
  Prince Ribbit (D:9)
  A queen bee (Lair:4)
  7 tyrant leeches
  2 two-headed ogres
  A polar bear (Lair:4)
  2 bog bodies
  34 blink frogs
  10 slime creatures
  6 hippogriffs
  2 dream sheep (D:8)
  3 shadows
  Sigmund (D:2)
  2 redbacks (Lair:4)
  70 yaks
  A basilisk (Lair:5)
  6 wraiths
  Eustachio (D:5)
  2 wyverns
  10 vampire mosquitoes
  2 steam dragons
  A hungry ghost (D:10)
  The ghost of duckroller the Slasher, an amateur HEBe of Trog (D:3)
  8 swamp worms
  8 wargs
  12 insubstantial wisps
  Menkaure (D:5)
  27 water moccasins
  10 porcupines
  An acid dragon (D:11)
  A sky beast (D:6)
  3 black bears
  4 ice beasts
  14 ogres
  2 swamp drakes (Swamp:2)
  46 orc warriors
  40 wolves
  A phantom (D:9)
  6 centaurs
  12 crocodiles
  5 big kobolds
  32 bullfrogs
  2 gnoll sergeants
  A wyvern zombie (D:9)
  A water moccasin zombie (D:7)
  A wyvern skeleton (D:8)
  2 scorpions
  26 killer bees
  7 wights
  2 vampire bats (Lair:6)
  2 howler monkeys
  2 electric eels
  7 crimson imps
  4 hounds
  16 orc priests
  Crazy Yiuf (D:7)
  A centaur skeleton (D:9)
  21 orc wizards
  2 bullfrog skeletons
  5 iguanas
  2 merfolk sirens (Sewer)
  8 worker ants
  A merfolk avatar (Sewer)
  A hound zombie (D:6)
  A hound skeleton (D:4)
  A mummy (D:9)
  2 worker ant zombies (D:11)
  Robin (D:2)
  12 gnolls
  A howler monkey skeleton (D:9)
  38 adders
  2 river rats
  3 shadow imps
  2 adder skeletons
  2 adder zombies
  2 worms
  A dart slug (D:1)
  10 leopard geckos
  88 orcs
  9 giant cockroaches
  2 gnoll zombies (D:2)
  14 goblins
  9 hobgoblins
  16 jackals
  8 quokkas
  5 ball pythons (Sewer)
  15 bats
  15 frilled lizards
  A jackal skeleton (D:4)
  16 kobolds
  32 rats
  2 bushes (Lair:5)
  7 fungi
  5 plants
924 creatures vanquished.

Vanquished Creatures (others)
  An alligator (Swamp:1)
  A spiny frog (Swamp:1)
  A tyrant leech (Swamp:1)
  A swamp drake (Swamp:2)
  A slave (D:5)
  A howler monkey (D:5)
  2 hounds (D:5)
  An iguana (D:5)
  A shadow imp (D:5)
  An adder zombie (D:5)
  An orc (Orc:1)
  27 fungi
  30 plants
  5 toadstools (D:1)
74 creatures vanquished.

Grand Total: 998 creatures vanquished

Notes
Turn   | Place    | Note
-------+----------+-------------------------------------------
     0 | D:1      | Faca the Formicid Fighter began the quest for the Orb.
     0 | D:1      | Reached XP level 1. HP: 18/18 MP: 1/1
    93 | D:1      | Reached XP level 2. HP: 24/24 MP: 2/2
   251 | D:1      | Reached XP level 3. HP: 29/29 MP: 3/3
   261 | D:1      | Reached skill level 4 in Shields
   656 | D:2      | Noticed Robin
   666 | D:2      | Reached XP level 4. HP: 27/37 MP: 4/4
   672 | D:2      | Killed Robin
   992 | D:2      | Found a basalt altar of Yredelemnul.
  1009 | D:2      | Found a hazy altar of Hepliaklqana.
  1120 | D:2      | Reached XP level 5. HP: 33/42 MP: 5/5
  1177 | D:2      | Found a hide-covered altar of Uskayaw.
  1386 | D:2      | Found a shimmering altar of Xom.
  1444 | D:2      | Found a shattered altar of Ashenzari.
  1452 | D:2      | Noticed Sigmund
  1462 | D:2      | Killed Sigmund
  1462 | D:2      | Reached XP level 6. HP: 27/49 MP: 6/6
  1618 | D:3      | Noticed duckroller's ghost (amateur HEBe)
  1630 | D:3      | Killed duckroller's ghost
  1630 | D:3      | Reached skill level 1 in Polearms
  1630 | D:3      | Reached skill level 1 in Dodging
  1630 | D:3      | Reached skill level 5 in Shields
  1630 | D:3      | Reached XP level 7. HP: 33/55 MP: 7/7
  2433 | D:4      | Found a shadowy altar of Dithmenos.
  2441 | D:4      | Found a glowing silver altar of Zin.
  2531 | D:4      | Reached skill level 5 in Fighting
  2946 | D:5      | Entered Level 5 of the Dungeon
  2946 | D:5      | Noticed Menkaure
  2949 | D:5      | Noticed Eustachio
  2954 | D:5      | Killed Eustachio
  2954 | D:5      | Reached XP level 8. HP: 25/62 MP: 8/8
  2955 | D:5      | Killed Menkaure
  3096 | D:5      | Noticed Pikel
  3106 | D:5      | Killed Pikel
  3106 | D:5      | Reached skill level 5 in Armour
  3106 | D:5      | Reached skill level 6 in Shields
  3214 | D:5      | Found an ancient bone altar of Kikubaaqudgha.
  3251 | D:5      | Reached XP level 9. HP: 49/69 MP: 9/9
  3254 | D:5      | Reached skill level 7 in Shields
  3283 | D:5      | Found a staircase to the Ecumenical Temple.
  3299 | Temple   | Entered the Ecumenical Temple
  3364 | D:5      | Reached skill level 5 in Polearms
  3387 | D:5      | Found a glowing drain.
  3394 | Sewer    | Entered a sewer
  3632 | Sewer    | Got a translucent halberd
  3637 | Sewer    | Identified the +9 halberd of Somewhere Else {chop, *Corrode rC+ Dex+4} (You found it in a sewer)
  4826 | D:6      | Found Yptupno's Antique Armour Emporium.
  4829 | D:6      | Bought a pair of embroidered gloves for 210 gold pieces
  4894 | D:6      | Found a sacrificial altar of Ru.
  4966 | D:6      | Reached skill level 8 in Shields
  5224 | D:7      | Found an iron altar of Okawaru.
  5247 | D:7      | Became a worshipper of Warmaster Okawaru
  5320 | D:7      | Reached XP level 10. HP: 77/77 MP: 10/10
  5468 | D:7      | Noticed Abalos's ghost (novice MiFi)
  5487 | D:7      | Killed Abalos's ghost
  5487 | D:7      | Reached * piety under Okawaru
  5639 | D:7      | Found a runed door.
  5646 | D:7      | Noticed Crazy Yiuf
  5651 | D:7      | Killed Crazy Yiuf
  5924 | D:7      | Found Unas's Antique Weapon Shop.
  6017 | D:8      | Reached skill level 9 in Shields
  6256 | D:8      | Reached ** piety under Okawaru
  6414 | D:8      | Noticed a two-headed hydra
  6424 | D:8      | Killed a three-headed hydra
  6424 | D:8      | Reached *** piety under Okawaru
  6424 | D:8      | Reached skill level 1 in Staves
  6424 | D:8      | Reached XP level 11. HP: 52/84 MP: 7/11
  6544 | D:8      | Found a glowing golden altar of the Shining One.
  6587 | D:8      | Found a bloodstained altar of Trog.
  6836 | D:9      | Reached skill level 10 in Shields
  6845 | D:9      | Reached skill level 10 in Polearms
  6851 | D:9      | Reached **** piety under Okawaru
  6997 | D:9      | Found a staircase to the Orcish Mines.
  7105 | D:9      | Reached ***** piety under Okawaru
  7124 | D:9      | Found a staircase to the Lair.
  7286 | D:9      | Noticed Prince Ribbit
  7293 | D:9      | Killed Prince Ribbit
  7343 | D:9      | Received a gift from Okawaru
  7343 | D:9      | Reached XP level 12. HP: 94/94 MP: 12/12
  7358 | D:9      | Got a jewelled fustibalus {god gift}
  7359 | D:9      | Identified the +3 fustibalus "Jedo" {flame, rF++} (Okawaru gifted it to you on level 9 of the Dungeon)
  7517 | D:9      | Found a snail-covered altar of Cheibriados.
  7568 | D:9      | Noticed Erolcha
  7578 | D:9      | Killed Erolcha
  7578 | D:9      | Reached skill level 11 in Shields
  7618 | D:10     | Entered Level 10 of the Dungeon
  7743 | D:10     | Reached skill level 5 in Axes
  8068 | D:10     | Received a gift from Okawaru
  8268 | D:10     | Found a shadowy altar of Dithmenos.
  8434 | D:10     | Gained mutation: You are resistant to hostile enchantments. (MR+) [potion of beneficial mutation]
  8435 | D:10     | Gained mutation: You are partially covered in slimy green scales. (AC +2) [potion of beneficial mutation]
  8436 | D:10     | Gained mutation: You are partially covered in icy blue scales. (AC +2) [potion of beneficial mutation]
  8787 | D:11     | Noticed jejorda2's ghost (journeyman DrFE)
  8800 | D:11     | Killed jejorda2's ghost
  8800 | D:11     | Reached skill level 12 in Shields
  9039 | D:11     | Found Juotiec's Assorted Antiques.
  9083 | D:11     | Noticed Snorg
  9091 | D:11     | Killed Snorg
  9091 | D:11     | Reached ****** piety under Okawaru
  9091 | D:11     | Reached XP level 13. HP: 100/103 MP: 11/13
  9113 | D:11     | Reached skill level 10 in Fighting
  9559 | D:11     | Received a gift from Okawaru
  9651 | D:12     | Noticed Josephine
  9659 | D:12     | Killed Josephine
  9859 | D:12     | Found a blossoming altar of Fedhas.
 10016 | D:12     | Noticed Sonja
 10024 | D:12     | Killed Sonja
 10280 | Orc:1    | Entered Level 1 of the Orcish Mines
 10280 | Orc:1    | Noticed Urug
 10287 | Orc:1    | Killed Urug
 10335 | Orc:1    | Noticed Harold
 10355 | Orc:1    | Killed Harold
 10826 | Orc:2    | Entered Level 2 of the Orcish Mines
 10826 | Orc:2    | Found Tuomyes's Food Shop.
 10873 | Orc:2    | Found Pumial's Antique Armour Boutique.
 10874 | Orc:2    | Found Beleuxet's Weapon Shoppe.
 10883 | Orc:2    | Bought a pair of twisted boots for 285 gold pieces
 10883 | Orc:2    | Bought a faintly humming shield for 285 gold pieces
 10888 | Orc:2    | Identified the +5 pair of boots of Incorporation {Stlth+} (You bought it in a shop on level 2 of the Orcish Mines)
 10898 | Orc:2    | Identified the +4 shield of Articulation {*Contam MR+ Int+4 Dex+2} (You bought it in a shop on level 2 of the Orcish Mines)
 10938 | Orc:2    | Found Tologaot's Distillery.
 10941 | Orc:2    | Found a staircase to the Elven Halls.
 10968 | Orc:2    | Reached skill level 13 in Shields
 10985 | Orc:2    | Bought a potion of mutation for 30 gold pieces
 10985 | Orc:2    | Bought a potion of agility for 48 gold pieces
 11112 | Orc:2    | Found Esaocex's Gadget Boutique.
 11288 | Orc:2    | Found Qiown's Armour Boutique.
 11288 | Orc:2    | Found Voipruqyg's Magic Scroll Emporium.
 11320 | Orc:2    | Bought a scroll of identify for 26 gold pieces
 11320 | Orc:2    | Bought a scroll of identify for 26 gold pieces
 11347 | Orc:2    | Found a roughly hewn altar of Beogh.
 11414 | Orc:2    | Found Tuwnu's General Store.
 11419 | Orc:2    | Found Veceripny's Gadget Emporium.
 11437 | Orc:2    | Reached XP level 14. HP: 87/113 MP: 10/14
 11937 | Orc:1    | Found a bloodstained altar of Trog.
 12140 | D:7      | Bought a steaming great mace for 310 gold pieces
 12140 | D:7      | Identified the +4 great mace of the Toadstool {speed, Stlth+} (You bought it in a shop on level 7 of the Dungeon)
 12258 | Lair:1   | Entered Level 1 of the Lair of Beasts
 12287 | Lair:1   | Noticed Joseph
 12294 | Lair:1   | Killed Joseph
 12554 | Lair:1   | Received a gift from Okawaru
 13145 | Lair:2   | Reached skill level 1 in Maces & Flails
 13572 | Lair:2   | Found a hazy altar of Hepliaklqana.
 14719 | Lair:3   | Gained mutation: You are partially covered in molten scales. (AC +2) [potion of beneficial mutation]
 14720 | Lair:3   | Gained mutation: Your mind is acute. (Int +2) [potion of beneficial mutation]
 15077 | Lair:4   | Got a warped fustibalus
 15088 | Lair:4   | Identified the +2 fustibalus of Offence {freeze, +Blink Int+4} (You found it on level 4 of the Lair of Beasts)
 15118 | Lair:4   | Reached skill level 14 in Shields
 15267 | Lair:4   | Received a gift from Okawaru
 15268 | Lair:4   | Got a dazzling hunting sling {god gift}
 15269 | Lair:4   | Identified the +9 hunting sling of Suoroqug {freeze, +Inv} (Okawaru gifted it to you on level 4 of the Lair of Beasts)
 15768 | Lair:4   | Found a staircase to the Swamp.
 15809 | Lair:4   | Reached XP level 15. HP: 87/120 MP: 12/15
 15829 | Lair:4   | Received a gift from Okawaru
 15836 | Lair:4   | Got a jewelled trident {god gift}
 15837 | Lair:4   | Identified the +1 trident "Cagurr" {antimagic, Str+2} (Okawaru gifted it to you on level 4 of the Lair of Beasts)
 16010 | Lair:4   | Found a hole to the Spider Nest.
 16620 | Lair:5   | Reached skill level 10 in Axes
 17310 | Lair:6   | Entered Level 6 of the Lair of Beasts
 17329 | Lair:6   | Received a gift from Okawaru
 17466 | Lair:6   | Reached skill level 15 in Shields
 17791 | Lair:6   | Found a staircase to the Slime Pits.
 18488 | Swamp:1  | Entered Level 1 of the Swamp
 18707 | Swamp:1  | Reached XP level 16. HP: 129/129 MP: 16/16
 18819 | Swamp:1  | Received a gift from Okawaru
 20281 | Swamp:2  | Received a gift from Okawaru
 20282 | Swamp:2  | Got a transparent scale mail {god gift}
 20293 | Swamp:2  | Identified the +7 scale mail of Mosaodip {rF+} (Okawaru gifted it to you on level 2 of the Swamp)
 20392 | Swamp:3  | Noticed Donald
 20406 | Swamp:3  | Killed Donald
 20423 | Swamp:3  | HP: 6/129 [enormous slime creature (3)]
 20425 | Swamp:3  | Annihilated by an enormous slime creature

Vault maps used:
D:1:      ldierk_walled_garden, serial_forest, infiniplex_forest_side_room,
          infiniplex_forest_zigzag_1, infiniplex_forest_end_double,
          infiniplex_forest_join, infiniplex_forest_end_2,
          infiniplex_forest_clump_diagonal, infiniplex_forest_clump_small,
          infiniplex_forest_straight_4
D:2:      lemuel_zombie_altar_yredelemnul, nicolae_overflow_crystal_walls,
          overflow_temple_1_default, overflow_temple_1_default,
          evilmike_ruin_ashenzari, uniq_robin, uniq_sigmund
D:3:      serial_park_tiny_pond, serial_park_tiny_1
D:4:      lemuel_doored_altar, zin_academy, grunt_ministairs_15
D:5:      first_bread, basic_altar, portal_sewer_entry_e, uniq_menkaure,
          uniq_eustachio, uniq_pikel
D:6:      old_standard_altar, serial_shops, shop, kennysheep_small_circle
D:7:      okawaru_metal_pillars_3, serial_shops, shop, uniq_crazy_yiuf_cottage
D:8:      old_standard_altar, kennysheep_little_box, hangedman_ranch
D:9:      slow_altar_2, due_lair_maze_entry_diamond, david_orc_3,
          hangedman_decor_growths, uniq_prince_ribbit1, uniq_erolcha
D:10:     lemuel_reptile_caves, grunt_dithmenos_smoke_and_mirrors
D:11:     serial_shops, nicolae_shop_trees, uniq_snorg
D:12:     fedhas_altar_1, uniq_sonja, uniq_josephine
Temple:   eino_temple_lava
Lair:1:   lemuel_fruit_fields, lemuel_fruit_tree, serial_bayou_shore_a,
          uniq_joseph
Lair:2:   lemuel_oklob_altar
Lair:3:   grunt_megastairs_3, lemuel_fruit_fields, minmay_lair_oklob_chamber
Lair:4:   swamp_mist_pool, spider_nest_entry_a, special_room,
          grunt_forest_large_clearings
Lair:5:   grunt_megastairs_2
Lair:6:   minmay_lair_end_frog_pond, dpeg_slime_entry_corner, roderic_batcave,
          infiniplex_staircase_pool, serial_bayou_shore_b
Swamp:1:  evilmike_swamp_ruin_house_2
Swamp:2:  hangedman_swamp_lotus
Swamp:3:  evilmike_swamp_ruin_house_4, uniq_donald
Orc:1:    basic_altar, uniq_urug, uniq_harold
Orc:2:    st_orc_town, serial_shops, shop_fountains, shop, nicolae_shop_crystal,
          shop, nicolae_shop_crystal, lightli_orcish_oven
Sewer:    sewer_sea

Skill      XL: |  1  2  3  4  5  6  7  8  9 10 11 12 13 14 15 16 |
---------------+-------------------------------------------------+-----
Shields        | 4 5 6 8 9 10 12 13 14 15 | 15.7
Axes           | 3 4 5 9 11 12 | 12.5
Fighting       | 4 5 6 7 8 9 11 12 | 12.8
Armour         | 4 5 6 7 8 9 |  9.8
Polearms       | 1 2 4 7 9 11 12 14 | 14.5
Dodging        | 1 2 3 |  3.1
Staves         | 1 2 |  2.0
Maces & Flails | 1 2 |  2.7
Stealth        | |  0.6

Action                   |  1- 3 |  4- 6 |  7- 9 | 10-12 | 13-15 | 16-18 || total
-------------------------+-------+-------+-------+-------+-------+-------++-------
Melee: War axe           |    64 |   108 |     5 |    26 |       |       ||   203
       Scythe            |       |    13 |   284 |       |       |       ||   297
       Halberd           |       |       |   102 |   531 |   484 |       ||  1117
       Quarterstaff      |       |       |       |    20 |       |       ||    20
       Battleaxe         |       |       |       |       |   759 |   167 ||   926
       Great mace        |       |       |       |       |    61 |    32 ||    93
 Abil: Dig               |       |       |       |       |     4 |       ||     4
  Use: Scroll            |     2 |     2 |     7 |     8 |     7 |     2 ||    28
       Potion            |       |       |     3 |     3 |     5 |     1 ||    12
 Stab: Confused          |       |       |       |       |       |     1 ||     1
  Eat: Beef jerky        |       |     1 |     1 |       |     3 |       ||     5
       Meat ration       |       |     1 |     2 |       |     1 |     1 ||     5
       Fruit             |       |       |       |     3 |    20 |     3 ||    26
       Pizza             |       |       |       |     4 |     4 |       ||     8
       Royal jelly       |       |       |       |     1 |       |     1 ||     2
       Chunk             |       |       |       |       |     1 |       ||     1
Armor: Scale mail        |    22 |       |       |       |       |     8 ||    30
       Chain mail        |    37 |    86 |   196 |       |       |       ||   319
       Plate armour      |       |       |     3 |   150 |   498 |    79 ||   730
Dodge: Dodged            |    25 |    45 |    91 |    78 |   286 |    48 ||   573
Block: Shield            |    47 |    86 |   111 |       |  1179 |   206 ||  1629
       Large shield      |       |       |   226 |   446 |    19 |       ||   691
